Map: Royal Blood LE

Players

NephriteWorm - Winner!

  • Race: Terran Terran
  • League: Platinum
  • Spawn Location: 7:00

PrincessLove

  • Race: Zerg Zerg
  • League: Platinum
  • Spawn Location: 1:00

VOD

Have the link to the VOD?

Description

Time

  • Played on: Feb. 7, 2023, 11:07 p.m.
  • Length: 20:17
Show
View Real Time Build Order
Export as new Build Order

NephriteWorm Terran - Winner!

Build Orders: Reaper Expand 

Get SALT Encoding   

  12  0:00  SCV  
  13  0:12  SCV  
  14  0:18  Supply Depot  
  14  0:25  SCV  
  15  0:40  SCV  
  15  0:41  Barracks  
  16  0:45  Refinery  
  16  0:52  SCV  
  18  1:04  SCV  
  18  1:16  SCV  
  19  1:28  Reaper  
  19  1:29  Orbital Command  
  20  1:42  Command Center  
  20  1:56  SCV  
  20  2:00  Marine  
  22  2:10  Factory  
  22  2:11  SCV  
  22  2:13  Supply Depot  
  23  2:35  SCV, Barracks Reactor  
  24  2:47  SCV  
  25  2:56  Orbital Command  
  24  2:59  Command Center  
  24  3:10  SCV, Starport  
  24  3:11  Refinery  
  25  3:22  Hellion x2  
  25  3:23  SCV x2  
  31  3:33  Marine  
  32  3:38  SCV  
  32  3:39  SCV  
  34  3:46  Hellion x2  
  38  3:50  SCV  
  38  3:52  SCV  
  38  3:53  Barracks Tech Lab  
  38  3:54  Viking  
  42  4:02  SCV  
  43  4:04  SCV  
  43  4:07  Supply Depot  
  43  4:09  Supply Depot  
  44  4:14  Orbital Command, SCV  
  45  4:31  Medivac  
  47  4:37  Hellion x2  
  51  4:41  SCV x2  
  51  4:42  SCV  
  54  4:48  Marine, Stimpack  
  54  4:50  Barracks  
  55  4:53  SCV  
  55  4:58  Hellion  
  55  4:59  Hellion  
  56  5:20  Hellion x2  
  60  5:32  SCV x3  
  60  5:33  Marine  
  64  5:39  Barracks  
  64  5:41  Starport Reactor  
  64  5:44  SCV  
  65  5:58  Orbital Command  
  65  5:59  Refinery  
  65  6:00  SCV x2, Refinery  
  65  6:01  Factory Reactor  
  65  6:02  Marine x3  
  70  6:10  Engineering Bay  
  70  6:11  Engineering Bay  
  70  6:12  SCV x2  
  72  6:20  Marine  
  72  6:21  Marine x2  
  72  6:24  SCV x2  
  77  6:32  Starport Reactor  
  77  6:33  SCV  
  77  6:42  Supply Depot  
  77  6:44  Supply Depot  
  77  6:48  Marine x2  
  77  6:51  Marine, SCV  
  77  6:59  Marine, SCV  
  75  7:05  Marine x2  
  69  7:12  Medivac x2  
  75  7:15  Widow Mine x2  
  75  7:17  Marine  
  75  7:19  Terran Infantry Weapons Level 1  
  75  7:20  Terran Infantry Armor Level 1  
  75  7:21  Barracks  
  76  7:23  Marine x2  
  76  7:25  Barracks, SCV x3  
  76  7:26  Missile Turret  
  76  7:27  Marine x2  
  83  7:30  Combat Shield  
  83  7:35  Marine  
  83  7:37  SCV x3, Widow Mine x2  
  88  7:41  Marine x2  
  93  7:45  Barracks  
  93  7:47  Barracks  
  93  7:52  Supply Depot  
  93  7:54  Supply Depot  
  93  7:58  Command Center  
  93  8:00  Supply Depot  
  93  8:01  Missile Turret  
  93  8:10  Barracks Tech Lab  
  93  8:13  Marine x2, Medivac x2, Missile Turret  
  93  8:14  SCV x2  
  93  8:15  Marine x3, SCV  
  93  8:16  Widow Mine x2  
  93  8:17  Supply Depot  
  93  8:18  Supply Depot  
  93  8:19  Factory  
  109  8:20  Missile Turret  
  109  8:22  Barracks  
  109  8:26  SCV x2  
  111  8:27  SCV  
  111  8:28  Armory  
  111  8:31  Marine x2  
  111  8:33  Marine x3  
  117  8:37  Widow Mine  
  117  8:38  SCV  
  113  8:42  Marine  
  113  8:43  Marine, Barracks Tech Lab  
  113  8:44  Supply Depot  
  114  8:49  Marine x2  
  114  8:52  SCV x2  
  114  8:53  SCV  
  114  8:55  Marine x2, Marauder  
  120  8:56  Marine  
  120  9:00  Marine x2  
  125  9:04  SCV x2  
  125  9:05  SCV  
  125  9:07  Marauder  
  130  9:10  Marine, Marauder  
  130  9:13  Marine x2  
  137  9:17  Marauder  
  137  9:24  Sensor Tower  
  137  9:28  Missile Turret  
  137  9:29  Marauder  
  137  9:32  Marauder  
  137  9:33  Terran Infantry Weapons Level 2  
  137  9:34  Terran Infantry Armor Level 2  
  137  9:37  Missile Turret  
  141  9:38  Marauder  
  141  9:42  Factory Tech Lab  
  141  10:03  Marine x2  
  141  10:04  Marine, Marauder x3  
  141  10:06  Barracks Tech Lab  
  141  10:07  Marine  
  150  10:10  Marine, Widow Mine x2  
  150  10:12  Medivac  
  156  10:14  Medivac  
  156  10:16  Thor  
  146  10:21  Marine x2  
  146  10:23  Planetary Fortress  
  146  10:25  SCV x2, Marauder x2  
  146  10:26  Marauder  
  156  10:34  Supply Depot  
  156  10:35  Command Center  
  156  10:36  Supply Depot  
  156  10:37  Supply Depot  
  156  10:40  Refinery  
  156  10:42  Refinery  
  156  10:44  SCV  
  156  10:51  SCV  
  156  10:54  Marauder  
  156  10:55  Widow Mine, Marauder  
  156  10:58  Thor  
  150  11:18  SCV x2  
  143  11:29  SCV x2  
  146  11:32  SCV  
  146  11:33  SCV  
  147  11:54  Marine  
  147  11:58  Marine  
  147  11:59  Marine x2, Marauder  
  147  12:00  Marine, Marauder x2  
  160  12:01  Marauder  
  160  12:02  Medivac  
  160  12:03  Medivac  
  164  12:12  Marine  
  165  12:16  Marine  
  165  12:17  Marine  
  165  12:21  Marauder  
  169  12:32  Medivac  
  125  12:58  Marine  
  125  12:59  Barracks Reactor  
  125  13:00  Marine x2  
  125  13:01  Marine, Marauder x3  
  125  13:02  Thor  
  125  13:03  Widow Mine x2  
  145  13:07  Ghost Academy  
  145  13:15  SCV x2  
  145  13:16  SCV x2  
  145  13:17  Terran Infantry Weapons Level 3, Terran Infantry Armor Level 3  
  145  13:18  Marine x4  
  153  13:20  Medivac, Supply Depot x2  
  153  13:22  Marauder x2, Supply Depot x2  
  153  13:25  Widow Mine  
  161  13:27  SCV x2  
  161  13:28  SCV  
  161  13:30  Refinery  
  161  13:31  Refinery  
  164  13:41  Sensor Tower, Command Center  
  164  13:44  Sensor Tower  
  164  13:45  Marauder x2  
  168  13:52  Barracks  
  120  14:39  Drilling Claws, Widow Mine x2  
  120  14:42  Barracks Reactor  
  124  14:47  Marine, Command Center  
  124  14:48  Marine, Marauder  
  124  14:49  Liberator x2  
  124  14:51  Marine  
  124  14:52  Marine x6  
  141  14:56  Orbital Command  
  141  14:59  Terran Vehicle And Ship Armor Level 1  
  141  15:01  Barracks Reactor  
  141  15:05  Marine  
  141  15:06  Marine, SCV x2  
  145  15:09  Marine x4  
  145  15:10  Marine x2, Marauder x2  
  151  15:31  Marine, Liberator  
  151  15:32  Marine x11, Liberator  
  169  15:49  Marine  
  170  15:50  Marine x11  
  181  16:07  Marine x3  
  181  16:08  Marine x9  
  193  16:11  Missile Turret  
  193  16:13  Missile Turret  
  193  16:14  Marine  
  193  16:18  Widow Mine x2  
  198  16:24  Sensor Tower  
  198  16:25  Marine x2  
  172  17:13  Neosteel Armor  
  172  17:15  Terran Vehicle And Ship Armor Level 2  
  164  17:47  Marine  
  130  18:42  Marine  
  130  18:43  Marine x2, Ghost x2, Marauder  
  130  18:44  Marine x4, Marauder  
  130  18:45  Marine x3  
  148  18:48  Thor  
  148  18:49  Widow Mine x2  
  158  19:00  Marine  
  158  19:01  Marine x3  
  158  19:02  Marine x4  
  164  19:03  Marine x2  
  164  19:04  Ghost  
  164  19:05  Marauder  
  172  19:12  Ghost, Marauder  
  158  19:18  Marine  
  158  19:19  Marine x2  
  151  19:26  Marauder  
  153  19:33  Ghost  
  153  19:34  Marauder  
  157  19:40  Ghost  
  157  19:45  Marine x5  
  160  19:46  Marine x5  
  160  19:47  Marauder  
Show
View Real Time Build Order
Export as new Build Order

PrincessLove Zerg 

Build Orders: Hatch First 

Get SALT Encoding   

  12  0:00  Drone  
  13  0:13  Overlord  
  13  0:25  Drone  
  14  0:33  Drone  
  14  0:35  Drone  
  16  0:49  Hatchery  
  15  0:53  Drone  
  16  0:57  Drone  
  16  0:59  Drone  
  18  1:13  Extractor  
  18  1:16  Spawning Pool  
  18  1:17  Drone  
  17  1:21  Drone  
  18  1:30  Drone  
  19  1:46  Drone  
  20  1:51  Drone  
  21  2:02  Queen  
  21  2:03  Queen, Zergling x2  
  21  2:04  Zergling x2  
  27  2:15  Overlord, Drone  
  28  2:24  Hatchery  
  27  2:33  Drone  
  27  2:35  Drone x2  
  30  2:59  Overlord, Drone x3  
  30  3:00  Drone  
  30  3:04  Queen  
  36  3:08  Overlord  
  36  3:16  Queen  
  36  3:17  Drone  
  36  3:18  Drone  
  40  3:23  Overlord, Drone x2  
  40  3:24  Drone  
  40  3:25  Metabolic Boost  
  43  3:28  Drone  
  44  3:40  Queen  
  44  3:41  Queen  
  48  3:53  Overlord, Drone x2  
  48  3:54  Drone x3  
  53  4:00  Queen  
  55  4:03  Drone x3  
  58  4:10  Overlord  
  57  4:24  Zergling x2  
  57  4:25  Zergling x4  
  57  4:26  Overlord, Drone x6  
  57  4:29  Lair  
  66  4:32  Extractor  
  66  4:34  Queen  
  67  4:44  Zergling x2  
  67  4:45  Zergling x2  
  69  4:46  Zergling x2  
  69  4:47  Zergling x2  
  71  4:53  Drone x2  
  71  4:54  Drone  
  74  5:28  Overlord x2, Drone, Baneling Nest  
  73  5:29  Overlord  
  74  5:35  Spore Crawler  
  74  5:36  Spore Crawler  
  74  5:37  Spore Crawler  
  74  5:38  Overlord x2, Drone x3  
  74  5:56  Hatchery  
  73  5:57  Spire  
  73  6:00  Extractor, Drone x11  
  73  6:01  Drone x7  
  73  6:03  Extractor  
  88  6:04  Hatchery  
  88  6:06  Extractor  
  86  6:18  Zergling x2  
  86  6:36  Overseer  
  85  6:41  Baneling x3  
  85  6:42  Zergling x10  
  85  6:43  Drone x5  
  95  6:51  Zergling x10  
  92  7:12  Mutalisk x5  
  103  7:15  Drone  
  103  7:16  Drone  
  104  7:43  Queen  
  106  7:44  Mutalisk  
  106  7:45  Mutalisk x2  
  106  7:47  Zergling x24  
  124  7:51  Overseer  
  123  8:11  Zergling x4  
  123  8:12  Overlord x6  
  125  8:13  Overlord  
  120  8:34  Zergling x10  
  120  8:35  Zergling x18  
  120  8:40  Baneling x11  
  120  9:09  Drone x12  
  132  9:18  Drone x6  
  132  9:19  Zergling x16  
  132  9:21  Zerg Flyer Weapons Level 1  
  146  9:26  Evolution Chamber x2  
  146  9:28  Infestation Pit, Hatchery  
  146  9:29  Extractor  
  139  9:38  Baneling x16  
  138  9:39  Baneling x2  
  138  9:42  Centrifugal Hooks  
  131  10:07  Zergling x8  
  131  10:08  Zergling x34  
  146  10:17  Zergling x2  
  146  10:18  Zergling x12  
  152  10:27  Zerg Melee Weapons Level 1, Zerg Ground Armor Level 1  
  152  10:28  Hive  
  152  10:32  Zergling x8  
  156  10:40  Hatchery  
  153  10:53  Zergling x4  
  153  10:54  Zergling x18  
  127  11:16  Zergling x20  
  128  11:29  Zergling x10  
  128  11:30  Zergling x2  
  134  11:33  Zerg Flyer Armor Level 1  
  134  11:34  Mutalisk  
  134  11:35  Mutalisk x4  
  144  11:46  Spine Crawler  
  143  11:47  Spore Crawler  
  142  11:58  Zergling x28  
  142  12:00  Hatchery  
  155  12:12  Baneling x18  
  155  12:13  Baneling x18  
  155  12:16  Zergling x2  
  155  12:17  Zergling x8  
  120  12:49  Zergling x2  
  120  12:50  Zergling x56  
  137  12:56  Zergling x4  
  139  12:59  Mutalisk  
  139  13:00  Mutalisk x2  
  139  13:18  Overseer  
  139  13:19  Overseer x2  
  134  13:21  Pneumatized Carapace  
  134  13:27  Zerg Flyer Weapons Level 2  
  134  13:28  Zergling x12  
  134  13:29  Zergling x30  
  155  13:38  Zergling x2  
  155  13:39  Zergling x14  
  161  13:49  Baneling x4  
  161  13:50  Baneling x11  
  161  14:02  Zergling x30  
  174  14:03  Zergling x2  
  131  14:24  Zergling x2  
  131  14:25  Zergling x36  
  144  14:40  Zergling x8  
  144  14:41  Zergling x18  
  144  14:44  Zergling x6  
  160  14:50  Zerg Melee Weapons Level 2  
  160  15:03  Drone  
  160  15:04  Drone x10  
  171  15:08  Overlord x2  
  171  15:14  Baneling x12  
  157  15:25  Zergling x2  
  157  15:26  Zergling x20  
  158  15:47  Spore Crawler  
  158  15:48  Spine Crawler  
  156  15:53  Zergling x46  
  156  15:54  Zergling x2  
  180  16:01  Ultralisk Cavern  
  179  16:09  Zergling x18  
  188  16:15  Overlord x2  
  182  16:41  Corruptor x8  
  181  17:08  Zergling x46  
  155  17:09  Zergling x18  
  158  17:15  Baneling  
  158  17:16  Baneling x18  
  158  17:18  Zerg Melee Weapons Level 3  
  158  17:23  Chitinous Plating  
  142  17:38  Zergling x18  
  142  17:39  Zergling x12  
  127  18:00  Zergling x20  
  123  18:07  Baneling  
  123  18:08  Baneling x17  
  123  18:10  Ultralisk  
  127  18:18  Baneling x10  
  122  18:35  Zergling x10  
  122  18:36  Zergling x10  
  96  19:19  Drone x12  
  96  19:20  Drone x3  
  105  19:30  Zergling x2  
  105  19:31  Zergling x10  
  104  19:57  Hatchery  
Tags
 
Add a new tag
Caveats
  • Supply blocks, unpowered buildings, or Contaminate may cause inaccurate times.
  • Supply counts are checked every 10 seconds.